 Dungeon Crawl Stone Soup version 0.23.2-30-g0e89c35649 (webtiles) character file.

Game seed: 9120810276782924959

2890 doot the Zephyrmancer (level 9, -3/46 HPs)
             Began as a Tengu Air Elementalist on June 21, 2019.
             Was a Believer of Vehumet.
             Slain by an unseen horror (5 damage)
             ... on level 8 of the Dungeon.
             The game lasted 00:25:58 (11049 turns).

doot the Zephyrmancer (Tengu Air Elementalist)     Turns: 11049, Time: 00:25:59

Health: -3/46      AC:  9    Str:  9    XL:     9   Next: 77%
Magic:  13/22      EV: 16    Int: 19    God:    Vehumet [**....]
Gold:   516        SH:  0    Dex: 14    Spells: 8/24 levels left

rFire    + . .     SeeInvis .   C - +1 dagger "Fuexeap" {venom, +Blink +Rage} (curse)
rCold    . . .     Gourm    .   (no shield)
rNeg     . . .     Faith    .   G - +2 robe {rF+}
rPois    +         Spirit   .   (helmet restricted)
rElec    .         Reflect  .   z - +2 cloak
rCorr    .         Harm     .   b - +1 pair of gloves
MR       .....                  (boots unavailable)
Stlth    ++........             (no amulet)
HPRegen  0.15/turn              m - ring of poison resistance
MPRegen  0.18/turn              (no ring)

@: flying quickly and evasively, quick
A: beak, talons 3, able to fly
a: Stop Flying, Renounce Religion, Evoke Blink, Evoke Berserk Rage


You were on level 8 of the Dungeon.
You worshipped Vehumet.
Vehumet was pleased with you.
You were not hungry.

You visited 2 branches of the dungeon, and saw 9 of its levels.
You also visited: Sewer.

You collected 516 gold pieces.

Inventory:

Hand Weapons
 h - a +0 spear
 x - a +0 whip
 y - a +0 trident of protection
 B - a cursed +3 dagger of speed
 C - the cursed +1 dagger "Fuexeap" (weapon) {venom, +Blink +Rage}
   (You found it on level 6 of the Dungeon)

   It poisons the flesh of those it strikes.
   It lets you blink.
   It lets you go berserk.
   It has a curse placed upon it.
 D - a cursed +5 trident of freezing
 F - a +2 whip of electrocution
Armour
 a - a +0 robe
 b - a +1 pair of gloves (worn)
 t - the +3 leather armour of Ythraot {rElec rF- Str+2 Slay+3}
   (You found it on level 4 of the Dungeon)

   It affects your strength (+2).
   It affects your accuracy and damage with ranged weapons and melee attacks
   (+3).
   It makes you vulnerable to fire.
   It insulates you from electricity.
 z - a +2 cloak (worn)
 G - a +2 robe of fire resistance (worn)
Jewellery
 m - a ring of poison resistance (left hand)
 A - an uncursed ring of fire
Wands
 n - a wand of random effects (14)
Scrolls
 d - 2 scrolls of amnesia {unknown}
 e - 2 scrolls of immolation {unknown}
 f - 7 scrolls of teleportation
 g - 5 scrolls of identify
 j - a scroll of enchant armour {unknown}
 o - 7 scrolls of remove curse
 u - 4 scrolls of enchant weapon {unknown}
 v - 2 scrolls of magic mapping {unknown}
 E - a scroll of noise {unknown}
 J - a scroll of summoning {unknown}
 K - a scroll of fog {unknown}
Potions
 i - a potion of berserk rage
 k - 5 potions of curing
 l - 4 potions of brilliance
 p - 2 potions of degeneration
 q - 5 potions of flight
 r - a potion of heal wounds
 s - a potion of cancellation {unknown}
 w - a potion of mutation
 H - a potion of might {unknown}
Comestibles
 c - 12 rations


   Skills:
 + Level 0.6 Fighting
 + Level 2.4 Armour
 + Level 3.3 Dodging
 + Level 3.3 Stealth
 + Level 8.1 Spellcasting
 + Level 5.2 Conjurations
 + Level 11.1 Air Magic


You had 8 spell levels left.
You knew the following spells:

 Your Spells              Type           Power        Failure   Level  Hunger
a - Shock                 Conj/Air       ####         1%          1    None
b - Mephitic Cloud        Conj/Pois/Air  ####....     2%          3    None
c - Static Discharge      Conj/Air       #####...     1%          3    None
d - Airstrike             Air            ######....   1%          4    ###....
e - Lightning Bolt        Conj/Air       #####.....   9%          5    #####..

Your spell library contained the following spells:

 Spells                   Type           Power        Failure   Level  Hunger
 Swiftness                Chrm/Air       ####....     1%          2    None


Dungeon Overview and Level Annotations

Branches:
Dungeon (8/15)             Temple (1/1) D:4
   Lair: D:8-11

Altars:
Ashenzari
Cheibriados
Dithmenos
Elyvilon
Gozag
Hepliaklqana
Makhleb
Nemelex Xobeh
Okawaru
Qazlal
Ru
Sif Muna
Trog
Uskayaw
Vehumet
Wu Jian
Xom
Yredelemnul
Zin
The Shining One

Shops:
D:7 (

Annotations:
D:3 1 runed translucent door, Trampli's ghost, amateur HOFi
D:5 1 runed translucent door, Lucio's ghost, novice GnWn


Innate Abilities, Weirdness & Mutations

You have a beak for a mouth.
You have claws for feet.
You can fly continuously.


Message History

* * * LOW HITPOINT WARNING * * *
You feel much better. Something hits you.
Something hits you but does no damage. Something hits you.
* * * LOW HITPOINT WARNING * * *
Something hits you!
* * * LOW HITPOINT WARNING * * *
You feel much better. Something barely misses you. Something hits you!
Something hits you.
* * * LOW HITPOINT WARNING * * *
Casting: Shock (safe; 1% risk of failure)
Confirm with . or Enter, or press ? or * to list all spells.
Aiming: Lightning Bolt (slightly dangerous; 9% risk of failure)
Press: ? - help, Shift-Dir - straight line You hear a mighty clap of thunder!
You hear a shout!
You hear an angry hiss.
You hear a loud, deep croak!
Something hits you!
* * * LOW HITPOINT WARNING * * *
Something hits you.
You die...

########## #.........
#.######## #.# #.#
########.######
#.{@..........#
#.#####.....#... ####.#
#..##..... #....# #.........
########.##.# #..####.#.
##...........#####รท.####.###
#.....##..##................
###'##############...#######
....g........ ........# ###


There were no monsters in sight!

Vanquished Creatures
  Pikel (D:5)
  A porcupine (D:8)
  2 ice beasts
  A sky beast (D:8)
  3 ogres
  2 phantoms
  A centaur (D:7)
  2 bullfrogs (D:8)
  2 scorpions
  A water moccasin skeleton (D:3)
  5 wights
  4 howler monkeys
  2 crimson imps
  A centaur zombie (D:5)
  A hound (D:5)
  2 orc priests
  3 orc wizards
  2 bullfrog skeletons (D:6)
  A centaur skeleton (D:4)
  2 iguanas (D:5)
  2 merfolk sirens (Sewer)
  A merfolk avatar (Sewer)
  4 worker ants
  3 hound skeletons
  A worker ant zombie (D:8)
  4 gnolls
  18 adders
  3 river rats (Sewer)
  A shadow imp (D:8)
  An ooze (D:3)
  A worm (D:6)
  3 dart slugs (D:1)
  11 leopard geckos
  6 orcs
  5 ball pythons
  6 giant cockroaches
  6 goblins
  8 hobgoblins
  6 jackals
  14 kobolds
  3 quokkas
  7 bats
  9 frilled lizards
  25 rats
187 creatures vanquished.

Vanquished Creatures (others)
  2 slaves (D:6)
2 creatures vanquished.

Grand Total: 189 creatures vanquished

Notes
Turn   | Place    | Note
-------+----------+-------------------------------------------
     0 | D:1      | doot the Tengu Air Elementalist began the quest for the
                  | Orb.
     0 | D:1      | Reached XP level 1. HP: 10/10 MP: 4/4
   220 | D:1      | Reached XP level 2. HP: 15/15 MP: 0/6
   695 | D:1      | Reached XP level 3. HP: 19/19 MP: 2/7
   746 | D:1      | Learned a level 3 spell: Static Discharge
  1576 | D:2      | Found a basalt altar of Yredelemnul.
  1765 | D:2      | Reached skill level 5 in Air Magic
  1766 | D:2      | Found an iron altar of Okawaru.
  1988 | D:3      | Reached XP level 4. HP: 24/24 MP: 6/8
  1995 | D:3      | Learned a level 4 spell: Airstrike
  2629 | D:3      | Found a runed translucent door.
  2629 | D:3      | Noticed Trampli's ghost (amateur HOFi)
  3165 | D:3      | Gained mutation: You can fly continuously. [Tengu growth]
  3165 | D:3      | Reached XP level 5. HP: 28/28 MP: 1/10
  3707 | D:4      | Noticed an ogre
  3751 | D:4      | Killed an ogre
  3751 | D:4      | Reached skill level 6 in Air Magic
  3751 | D:4      | Reached XP level 6. HP: 33/33 MP: 0/12
  3975 | D:4      | Noticed a phantom
  4011 | D:4      | Found an ornate altar of the Wu Jian Council.
  4109 | D:4      | Got a polished leather armour
  4120 | D:4      | Identified the +3 leather armour of Ythraot {rElec rF-
                  | Str+2 Slay+3} (You found it on level 4 of the Dungeon)
  4178 | D:4      | Found a staircase to the Ecumenical Temple.
  4187 | Temple   | Entered the Ecumenical Temple
  4280 | Temple   | Became a worshipper of Vehumet
  5174 | D:4      | Learned a level 5 spell: Lightning Bolt
  5207 | D:5      | Entered Level 5 of the Dungeon
  5209 | D:5      | Reached XP level 7. HP: 37/37 MP: 5/14
  5289 | D:5      | Found a glowing drain.
  5365 | Sewer    | Entered a sewer
  5583 | Sewer    | Reached * piety under Vehumet
  5583 | Sewer    | Offered knowledge of Freeze by Vehumet.
  5772 | Sewer    | Reached skill level 7 in Air Magic
  6526 | D:5      | Reached skill level 1 in Armour
  6526 | D:5      | Reached skill level 5 in Spellcasting
  6815 | D:5      | Reached XP level 8. HP: 42/42 MP: 0/16
  7239 | D:5      | Found a runed translucent door.
  7257 | D:5      | Noticed Lucio's ghost (novice GnWn)
  7499 | D:6      | Reached skill level 8 in Air Magic
  7809 | D:6      | Reached ** piety under Vehumet
  7915 | D:6      | Offered knowledge of Flame Tongue by Vehumet.
  8265 | D:6      | Reached skill level 5 in Conjurations
  8345 | D:6      | Paralysed by an orc warrior for 3 turns
  8378 | D:6      | Paralysed by an orc warrior for 7 turns
  8813 | D:6      | Reached skill level 9 in Air Magic
  8958 | D:6      | Noticed Pikel
  9047 | D:5      | Killed Pikel
  9047 | D:5      | Reached XP level 9. HP: 46/46 MP: 1/20
  9262 | D:6      | Found a bloodstained altar of Trog.
  9263 | D:6      | Reached skill level 10 in Air Magic
  9271 | D:6      | Got a steaming dagger
  9272 | D:6      | Identified the cursed +1 dagger "Fuexeap" {venom, +Blink
                  | +Rage} (You found it on level 6 of the Dungeon)
  9831 | D:7      | Found Deekluam's Antique Weapon Emporium.
 10580 | D:8      | Offered knowledge of Mephitic Cloud by Vehumet.
 10588 | D:8      | Learned a level 3 spell: Mephitic Cloud
 10675 | D:8      | Noticed a death yak
 10901 | D:8      | Reached skill level 11 in Air Magic
 11049 | D:8      | HP: 2/46 [something (8)]
 11049 | D:8      | Slain by an unseen horror

Skill      XL: |  1  2  3  4  5  6  7  8  9 |
---------------+----------------------------+-----
Conjurations   | 2 3 4 5 |  5.2
Air Magic      | 5 6 7 9 11 | 11.1
Spellcasting   | 3 4 5 7 8 |  8.1
Stealth        | 3 |  3.3
Armour         | 1 2 |  2.4
Dodging        | 3 |  3.3
Fighting       | |  0.6

Action                   |  1- 3 |  4- 6 |  7- 9 || total
-------------------------+-------+-------+-------++-------
Melee: Whip              |       |       |     7 ||     7
       Peck              |       |       |     1 ||     1
       Dagger            |       |       |     3 ||     3
 Cast: Shock             |    77 |    86 |    94 ||   257
       Static Discharge  |       |     3 |     1 ||     4
       Airstrike         |       |    17 |    93 ||   110
       Lightning Bolt    |       |       |    11 ||    11
 Abil: Fly               |       |     1 |       ||     1
  Use: Scroll            |       |       |     7 ||     7
       Potion            |       |       |     2 ||     2
 Stab: Sleeping          |       |       |     1 ||     1
  Eat: Chunk             |     4 |    10 |    17 ||    31
       Ration            |       |     1 |     5 ||     6
Armor: Robe              |     3 |     7 |     5 ||    15
       Leather armour    |       |     1 |    19 ||    20
Dodge: Dodged            |    14 |    20 |    70 ||   104
